 Dungeon Crawl Stone Soup version 0.27.1-3-gb3d3a73c9e (webtiles) character file.

Game seed: 2838485369833988925

18 styxcanada the Sneak (level 2, -1/14 HPs)
             Began as a Spriggan Brigand on Oct 30, 2021.
             Frozen to death by an endoplasm (2 damage)
             ... on level 2 of the Dungeon.
             The game lasted 00:03:24 (1318 turns).

styxcanada the Sneak (Spriggan Brigand)             Turns: 1318, Time: 00:03:24

Health: -1/14      AC:  4    Str:  7    XL:     2   Next: 48%
Magic:  3/3        EV: 16    Int: 12    God:
Gold:   48         SH:  0    Dex: 16    Spells: 1/1 levels left

rFire    . . .     SeeInvis +   a - +2 dagger
rCold    . . .     Faith    .   (shield restricted)
rNeg     . . .     Spirit   .   b - +0 robe
rPois    .         Reflect  .   (helmet restricted)
rElec    .         Harm     .   o - +1 cloak
rCorr    .         Rampage  .   (gloves unavailable)
Will     +....                  (boots unavailable)
Stlth    +++.......             (no amulet)
HPRegen  0.04/turn              q - ring of willpower
MPRegen  0.08/turn              (no ring)

@: very quick
A: very small, no large weapons, unfitting armour, see invisible, speed 3
a: no special abilities


You were on level 2 of the Dungeon.
You visited 1 branch of the dungeon, and saw 2 of its levels.

You collected 48 gold pieces.

Inventory:

Hand Weapons
 a - a +2 dagger (weapon)
Missiles
 d - 17 poisoned darts (quivered)
 e - 2 curare-tipped darts
 n - 31 stones
Armour
 b - a +0 robe (worn)
 c - a +0 cloak
 j - a scarf of resistance
 o - a +1 cloak (worn)
Jewellery
 q - a ring of willpower (left hand)
Scrolls
 f - a scroll of fear {unknown}
 h - a scroll of enchant armour {unknown}
 l - a scroll of vulnerability {unknown}
 m - a scroll of immolation {unknown}
 p - a scroll of teleportation {unknown}
Potions
 g - a potion of haste {unknown}
 i - a potion of cancellation {unknown}
 k - a potion of berserk rage {unknown}
 r - a potion of curing {unknown}


   Skills:
 + Level 1.6 Fighting
 + Level 2.4 Short Blades
 + Level 2.1 Throwing
 + Level 1.4 Dodging
 + Level 6.7 Stealth


You had one spell level left.
You didn't know any spells.
Your spell library was empty.

Dungeon Overview and Level Annotations

Branches:
Dungeon (2/15)

Altars:


Innate Abilities, Weirdness & Mutations

You are very small and have problems with some larger weapons.
You are too small for most types of armour.
You have supernaturally acute eyesight. (SInv)
You cover ground extremely quickly. (Speed+++)


Message History

The goblin shoots a stone.
The stone misses you.
The endoplasm jiggles.
The worm looks more healthy.
Throw: 21 darts (poison)
Press: ? - help, Q - select action, (/) - cycle Shift-Dir - straight line, f/p - worm
Aim: a worm (moderately wounded, 79% to hit)
You throw a poisoned dart.
The poisoned dart barely misses the worm.
Throw: 20 darts (poison)
Press: ? - help, Q - select action, (/) - cycle Shift-Dir - straight line, f/p - worm
Aim: a worm (lightly wounded, 79% to hit)
You throw a poisoned dart. The poisoned dart hits the worm.
The worm is poisoned.
The worm is lightly wounded.
Throw: 19 darts (poison)
Press: ? - help, Q - select action, (/) - cycle Shift-Dir - straight line, f/p - worm
Aim: a worm (moderately wounded, poisoned, 79% to hit)
You throw a poisoned dart. The poisoned dart hits the worm.
The worm looks even sicker.
The worm is moderately wounded.
Throw: 18 darts (poison)
Press: ? - help, Q - select action, (/) - cycle Shift-Dir - straight line, f/p - worm
Aim: a worm (moderately wounded, very poisoned, 79% to hit)
You throw a poisoned dart. The poisoned dart hits the worm.
The worm looks even sicker.
The worm is moderately wounded.
The endoplasm hits you but does no damage.
There is a stone staircase leading down here.
You hit the endoplasm.
The endoplasm is lightly wounded.
The endoplasm completely misses you.
You hit the endoplasm.
The endoplasm is heavily wounded.
The endoplasm hits you.
* * * LOW HITPOINT WARNING * * *
You hit the endoplasm.
The endoplasm is almost dead.
The endoplasm freezes you.
You are frozen.
You die...

#.#..#........ ..
#....#.#.....S....# ....
#...##.............
#..##...##.....g.......
#.#)......(...........
#.....................
#......##.......(.....
#.....@Jg.............
#.#...w#..$.(.....()..
#........(((.$........
##.................)...
.######.................?....
....................#.........
#.##.##............###...#####
###.......<..†.......# ##....
#....................# ..#.


You could see a worm (very poisoned), an endoplasm and a goblin.

Vanquished Creatures
  A dart slug (D:1)
  2 ball pythons
  3 giant cockroaches
  2 hobgoblins (D:1)
  A kobold (D:1)
  2 bats
  3 frilled lizards
  A rat (D:1)
15 creatures vanquished.

Notes
Turn   | Place    | Note
-------+----------+-------------------------------------------
     0 | D:1      | styxcanada the Spriggan Brigand began the quest for the
                  | Orb.
     0 | D:1      | Reached XP level 1. HP: 10/10 MP: 2/2
    16 | D:1      | Reached skill level 6 in Stealth
    46 | D:1      | Found a faded altar of an unknown god.
   389 | D:1      | Reached XP level 2. HP: 14/14 MP: 3/3
  1318 | D:2      | Frozen to death by an endoplasm

Illustrated notes

Levels and vault maps discovered:
D:1:      scummos_arrival_simple_fountains, layout_basic, serial_forest,
          infiniplex_forest_lined_3_way, infiniplex_forest_lined_corner,
          infiniplex_forest_corner_2, infiniplex_forest_lined_3,
          infiniplex_forest_lined_corner, infiniplex_forest_clump_diagonal,
          infiniplex_forest_3_way, ebering_ecumenical_altar_petrified
D:2:      layout_rooms

Skill      XL: |  1 |
---------------+----+-----
Stealth        | 6 |  6.7
Fighting       | |  1.6
Short Blades   | |  2.4
Throwing       | |  2.1
Dodging        | |  1.4

Action                   || total
-------------------------++-------
Melee: Dagger            ||    63
Throw: Dart              ||    13
 Stab: Sleeping          ||     1
Armor: Robe              ||     6
Dodge: Dodged            ||    39
